 Dungeon Crawl Stone Soup version 0.29-a0-219-g0a02b1cf4f (webtiles) character file.

Game seed: 7703437253854117068

865 ReploidZero the Cudgeller (level 8, 0/42 HPs)
             Began as a Vine Stalker Gladiator on Feb 25, 2022.
             Succumbed to a kobold brigand's curare-tipped dart
             ... on level 3 of the Dungeon.
             The game lasted 00:09:01 (2943 turns).

ReploidZero the Cudgeller (Vine Stalker Gladiator)  Turns: 2943, Time: 00:09:02

Health: 0/42       AC:  7    Str: 20    XL:     8   Next: 3%
Magic:  3/9        EV: 13    Int:  8    God:
Gold:   158        SH:  0    Dex: 15    Spells: 7/7 levels left

rFire   . . .      SeeInvis +   n - +1 demon trident (freeze)
rCold   . . .      Faith    .   (no shield)
rNeg    . . .      Spirit   +   p - +0 troll leather armour {Pargi}
rPois   .          Reflect  .   c - +0 helmet
rElec   .          Harm     .   (no cloak)
rCorr   .          Rampage  .   (no gloves)
Will    +....                   (no boots)
Stlth   +.........              l - amulet of regeneration
HPRegen 2.54/turn               e - ring of wizardry
MPRegen 0.11/turn               i - ring of wizardry

@: lethally poisoned (0 -> -3), slowed, very slow
A: fangs 3, regeneration 1, magic shield, antimagic bite, no potion heal 2,
iridescent scales 1, see invisible, sense surroundings 1
a: no special abilities


You were on level 3 of the Dungeon.
You visited 1 branch of the dungeon, and saw 3 of its levels.

You collected 158 gold pieces.

Inventory:

Hand Weapons
 a - a +0 flail of venom
 n - a +1 demon trident of freezing (weapon)
 r - the +6 hunting sling "Qital" {vorpal, Int+4}
   (You found it on level 3 of the Dungeon)

   Any ammunition fired from it inflicts extra damage upon your enemies.
   Int:       It affects your intelligence (+4).
Missiles
 d - 6 throwing nets
 h - 11 boomerangs (quivered)
Armour
 b - a +0 leather armour
 c - a +0 helmet (worn)
 k - an orb of light
 p - a +0 troll leather armour (worn) {Pargi}
Jewellery
 e - a ring of wizardry (left hand)
 i - a ring of wizardry (right hand)
 l - an amulet of regeneration (around neck)
Wands
 q - a wand of flame (27)
Scrolls
 j - a scroll of noise {unknown}
 m - a scroll of brand weapon
 o - a scroll of fog {unknown}
Potions
 f - a potion of mutation


   Skills:
 + Level 4.6 Fighting
 + Level 5.1 Maces & Flails
 - Level 3.0 Throwing
 + Level 4.6 Dodging


You had 7 spell levels left.
You didn't know any spells.
Your spell library contained the following spells:

 Spells                   Type           Power      Damage    Failure   Level
 Magic Dart               Conj           0%         1d3       13%         1
 Searing Ray              Conj           0%         2d4       21%         2
 Fulminant Prism          Conj/Hex       0%         3d6       75%         4
 Fireball                 Conj/Fire      0%         3d3       96%         5
 Iskenderun's Battlesphe  Conj           0%         2d6       96%         5
 Conjure Ball Lightning   Conj/Air       0%         3x3d6     100%        6
 Orb of Destruction       Conj           0%         9d5       100%        7


Dungeon Overview and Level Annotations

Branches:
Dungeon (3/15)

Altars:
Trog

Annotations:
D:3 hgbash's ghost, amateur GrEE


Innate Abilities, Weirdness & Mutations

You have razor-sharp teeth.
Your natural rate of healing is unusually fast.
When hurt, damage is shared between your health and your magic reserves.
Your bite disrupts and absorbs the magic of your enemies.
Potions cannot restore your health.
You are partially covered in iridescent scales. (AC +2)
You have supernaturally acute eyesight. (SInv)
You passively map a small area around you.


Message History

The kobold brigand throws a curare-tipped dart.
The curare-tipped dart hits you.
You are more poisoned.
You have difficulty breathing.
You feel as though you will be slow longer.
Reach: n) +1 demon trident (freeze)
Press: ? - help, Dir - move target, f/p - kobold brigand
Aim: a kobold brigand, wielding a +0 dagger and quivering curare-tipped darts (about 47% to evade your +1 demon trident of freezing)
You reach to attack!
You barely miss the kobold brigand.
You feel very sick.
The kobold brigand throws a curare-tipped dart.
The curare-tipped dart hits you.
You are more poisoned.
You have difficulty breathing.
You feel as though you will be slow longer.
Reach: n) +1 demon trident (freeze)
Press: ? - help, Dir - move target, f/p - kobold brigand
Aim: a kobold brigand, wielding a +0 dagger and quivering curare-tipped darts (about 47% to evade your +1 demon trident of freezing)
You reach to attack!
You closely miss the kobold brigand.
You feel extremely sick.
An orc comes into view. It is wielding a +0 club.
The kobold brigand throws a curare-tipped dart.
The curare-tipped dart hits you.
You are more poisoned.
You have difficulty breathing.
* * * LOW HITPOINT WARNING * * *
You feel as though you will be slow longer.
The howler monkey hoots and howls with incredible vigour!
You hear a shout! x4
Okay, then.
As you read the scroll labelled UTEOLU ZYIWNU, it crumbles to dust.
It is a scroll of amnesia.
You feel forgetful for a moment.
* * * LOW HITPOINT WARNING * * *
You feel extremely sick.
The orc shouts!
The howler monkey hoots and howls with incredible vigour!
The kobold brigand throws a curare-tipped dart.
The curare-tipped dart closely misses you.
You die...

, , )# #.≈≈≈....# * * ,
)#,#.≈≈≈....# , ',
,.#'###≈≈....#
##########o#...#≈≈....#
,...........#o.o#≈≈....#
≈≈≈≈≈≈≈≈Khh#####≈≈....#
≈≈≈≈≈≈≈≈≈≈≈≈≈≈≈≈≈≈≈....#
≈
≈≈≈≈≈≈≈≈≈≈≈≈≈≈≈≈≈≈≈....#
, ,
......†..@............#
......†........P......#
*
#######################


You could see a kobold brigand, a howler monkey (catching breath), 2 orcs and a
jackal.

Vanquished Creatures
  Sigmund (D:3)
  Pargi (D:3)
  A sky beast (D:3)
  3 howler monkeys (D:3)
  A hound (D:3)
  An orc priest (D:3)
  Natasha (thrice) (D:2)
  An orc wizard (D:2)
  Terence (D:2)
  9 gnolls
  5 adders (D:3)
  2 worms
  2 dart slugs
  7 orcs
  7 endoplasms
  A giant cockroach (D:1)
  9 hobgoblins
  8 jackals (D:3)
  2 quokkas
  6 ball pythons
  A bat (D:1)
  6 frilled lizards
  5 goblins
  2 kobolds
  8 rats
93 creatures vanquished.

Vanquished Creatures (others)
  A plant (D:3)
1 creature vanquished.

Grand Total: 94 creatures vanquished

Notes
Turn   | Place    | Note
-------+----------+-------------------------------------------
     0 | D:1      | ReploidZero the Vine Stalker Gladiator began the quest for
                  | the Orb.
     0 | D:1      | Reached XP level 1. HP: 11/11 MP: 2/2
   228 | D:1      | Reached XP level 2. HP: 14/15 MP: 1/3
   967 | D:1      | Reached skill level 3 in Maces & Flails
  1080 | D:1      | Reached XP level 3. HP: 18/18 MP: 4/4
  1482 | D:1      | Gained mutation: You are partially covered in iridescent
                  | scales. (AC +2) [potion of mutation]
  1482 | D:1      | Gained mutation: You passively map a small area around you.
                  | [potion of mutation]
  1482 | D:1      | Gained mutation: You have supernaturally acute eyesight.
                  | (SInv) [potion of mutation]
  1638 | D:2      | Gained mutation: Your natural rate of healing is unusually
                  | fast. [Vine Stalker growth]
  1638 | D:2      | Reached XP level 4. HP: 21/23 MP: 2/5
  1707 | D:2      | Noticed Natasha
  1713 | D:2      | Killed Natasha
  1924 | D:2      | Found a bloodstained altar of Trog.
  1937 | D:2      | Found a faded altar of an unknown god.
  2168 | D:2      | Noticed Natasha
  2174 | D:2      | Killed Natasha
  2175 | D:2      | Reached XP level 5. HP: 24/27 MP: 3/6
  2197 | D:2      | Noticed Natasha
  2205 | D:2      | Killed Natasha
  2359 | D:3      | Noticed Terence
  2382 | D:2      | Killed Terence
  2448 | D:3      | Reached XP level 6. HP: 32/32 MP: 4/7
  2563 | D:3      | Noticed hgbash's ghost (amateur GrEE)
  2603 | D:3      | Noticed a sky beast
  2634 | D:2      | Reached skill level 4 in Maces & Flails
  2646 | D:3      | Killed a sky beast
  2667 | D:3      | Noticed Pargi
  2680 | D:3      | Killed Pargi
  2681 | D:3      | Reached XP level 7. HP: 37/37 MP: 5/8
  2717 | D:3      | Noticed Sigmund
  2759 | D:3      | Killed Sigmund
  2775 | D:3      | Identified the +6 hunting sling "Qital" {vorpal, Int+4}
  2918 | D:3      | Reached skill level 5 in Maces & Flails
  2925 | D:3      | Gained mutation: You have razor-sharp teeth. [Vine Stalker
                  | growth]
  2925 | D:3      | Reached XP level 8. HP: 42/42 MP: 9/9
  2942 | D:3      | HP: 2/42 [poisoned by a kobold brigand (curare-tipped
                  | dart)]
  2943 | D:3      | Succumbed to a kobold brigand's curare-tipped dart

Illustrated notes

Levels and vault maps discovered:
D:1:      eino_arrival_cavern_b, layout_basic
D:2:      layout_loops_cross, chequers_ecumenical_altar_simple, basic_altar,
          kennysheep_minor_cross, kennysheep_pointless_box, uniq_natasha
D:3:      lemuel_castle_with_subvaults [lemuel_castle_interior_original],
          layout_rooms, mainiacjoe_overflow_24_doors, gammafunk_ghost_split,
          chequers_garden, minmay_ruptured, uniq_terence, uniq_pargi,
          uniq_sigmund, uniq_ijyb

Skill      XL: |  1  2  3  4  5  6  7 |
---------------+----------------------+-----
Fighting       | 2 3 4 |  4.6
Throwing       | 2 3 |  3.0
Maces & Flails | 3 4 5 |  5.1
Dodging        | 3 4 |  4.6

Action                   |  1- 3 |  4- 6 |  7- 9 || total
-------------------------+-------+-------+-------++-------
Melee: Flail             |    46 |       |       ||    46
       Bite              |    13 |    21 |     5 ||    39
       Demon trident     |    13 |   128 |    87 ||   228
       Punch             |       |     1 |       ||     1
Throw: Boomerang         |     6 |    10 |     1 ||    17
  Use: Scroll            |     4 |       |     1 ||     5
       Potion            |     1 |     1 |       ||     2
 Stab: Sleeping          |     2 |       |       ||     2
Armor: Leather armour    |    12 |    75 |       ||    87
       Skin              |       |     6 |       ||     6
       Troll leather arm |       |       |    17 ||    17
Dodge: Dodged            |    27 |   107 |    41 ||   175

Table legend: (Time is in decaauts)
 A = Elapsed time spent in this place.
 B = Non-inter-level travel time spent in this place.
 C = Inter-level travel time spent in this place.
 D = Time resting spent in this place.
 E = Time spent auto-exploring this place.
 F = Levels seen in this place.
 G = Mean time per level.
                   A        B        C        D        E       F      G
               +--------+--------+--------+--------+--------+-----+--------+
         Total |   3042 |   2940 |    102 |      3 |   2180 |   3 | 1014.0 |
       Dungeon |   3042 |   2940 |    102 |      3 |   2180 |   3 | 1014.0 |
               +--------+--------+--------+--------+--------+-----+--------+

Top non-repeatable levels by time:
     D:1: 1584 daAuts
     D:2: 869 daAuts
     D:3: 588 daAuts
